Workbook
Name _Экспорт: #REF!
Name _Экспорт: #REF!
Name классность: [1]Справочники!#REF!
Name наименование: #REF!
Name наименование: #REF!
Name Перечень_МО: #REF!
Name Перечень_МО: #REF!
Name признак: [1]Справочники!#REF!
Name признак: [1]Справочники!#REF!
Name Список: #REF!
Name Список: #REF!

Sheet СВОД.БР на03102025
A1: Приложение к постановлению местной администрации МО МО Автово от 03 октября 2025года № 31-п
A2: Глава местной администрации МО МО Автово ____________ А.В.Кесаев
A4: СВОДНАЯ БЮДЖЕТНАЯ РОСПИСЬ МУНИЦИПАЛЬНОГО ОБРАЗОВАНИЯ МУНИЦИПАЛЬНЫЙ ОКРУГ АВТОВО НА 2025 ГОД И ПЛАНОВЫЙ ПЕРИОД 2026-2027 Г
A6: Главные распорядители средств местного бюджета МО МО Автово : муниципальный совет МО Автово (код 964), местная администрация МО МО Автово (код 928)
A8: Наименование | B8: Код раздела, подраздела | C8: Код целевой статьи | D8: Код вида расходов (группа, подгруппа, элемент) | E8: Сумма (тыс.руб.)2025 г | F8: плановый период
F9: 2026 | G9: 2027
A10: Муниципальный совет внутригородского муниципального образования города федерального значения Санкт-Петербурга муниципальный округ Автово (код главного распорядителя бюджетных средств 964) | E10: =E11 -> 9673.4 | F10: =F11 -> 10118.9 | G10: =G11 -> 10508
A11: Общегосударственные вопросы | B11: 0100 | E11: =E12+E18+E37 -> 9673.4 | F11: =F12+F18+F37 -> 10118.9 | G11: =G12+G18+G37 -> 10508
A12: Функционирование высшего должностного лица субъекта Российской Федерации и муниципального образования | B12: 0102 | E12: =E13 -> 2500.3 | F12: =F13 -> 2597.9 | G12: =G13 -> 2699.2
A13: Глава муниципального образования | B13: 0102 | C13: 00201 00011 | E13: =E14 -> 2500.3 | F13: =F14 -> 2597.9 | G13: =G14 -> 2699.2
A14: Расходы на выплаты персоналу в целях обеспечения выполнения функций государственными (муниципальными) органами, казенными учреждениями, органами управления государственными внебюджетными фондами | B14: 0102 | C14: 00201 00011 | D14: 100 | E14: =E15 -> 2500.3 | F14: =F15 -> 2597.9 | G14: =G15 -> 2699.2
A15: Расходы на выплаты персоналу государственных (муниципальных) органов | B15: 0102 | C15: 00201 00011 | D15: 120 | E15: =E16+E17 -> 2500.3 | F15: =F16+F17 -> 2597.9 | G15: =G16+G17 -> 2699.2
A16: Фонд оплаты труда государственных (муниципальных) органов | B16: 0102 | C16: 00201 00011 | D16: 121 | E16: =[2]БР_МС_01092025!F18 -> 1920.3 | F16: =[2]БР_МС_01092025!G16 -> 1995.3 | G16: =[2]БР_МС_01092025!H16 -> 2073.1
A17: Взносы по обязательному социальному страхованию на выплаты денежного содержания и иные выплаты работникам государственных (муниципальных) органов | B17: 0102 | C17: 00201 00011 | D17: 129 | E17: =[2]БР_МС_01092025!F23 -> 580 | F17: =[2]БР_МС_01092025!G21 -> 602.6 | G17: =[2]БР_МС_01092025!H21 -> 626.1
A18: Функционирование законодательных (представительных) органов государственной власти и представительных органов муниципальных образований | B18: 0103 | E18: =E19+E23 -> 6992.1 | F18: =F19+F23 -> 7377 | G18: =G19+G23 -> 7664.8
A19: Компенсация депутатам, осуществляющим свои полномочия на непостоянной основе | B19: 0103 | C19: 00203 00022 | E19: =E20 -> 388.7 | F19: =F20 -> 404 | G19: =G20 -> 419.7
A20: Расходы на выплаты персоналу в целях обеспечения выполнения функций государственными (муниципальными) органами, казенными учреждениями, органами управления государственными внебюджетными фондами | B20: 0103 | C20: 00203 00022 | D20: 100 | E20: =E21 -> 388.7 | F20: =F21 -> 404 | G20: =G21 -> 419.7
A21: Расходы на выплаты персоналу государственных (муниципальных) органов | B21: 0103 | C21: 00203 00022 | D21: 120 | E21: =E22 -> 388.7 | F21: =F22 -> 404 | G21: =G22 -> 419.7
A22: Иные выплаты государственных (муниципальных) органов привлекаемым лицам | B22: 0103 | C22: 00203 00022 | D22: 123 | E22: =[2]БР_МС_01092025!F28 -> 388.7 | F22: =[2]БР_МС_01092025!G28 -> 404 | G22: =[2]БР_МС_01092025!H28 -> 419.7
A23: Аппарат представительного органа муниципального образования | B23: 0103 | C23: 00204 00021 | E23: =E24+E28+E32 -> 6603.4 | F23: =F24+F28+F32 -> 6973 | G23: =G24+G28+G32 -> 7245.1
A24: Расходы на выплаты персоналу в целях обеспечения выполнения функций государственными (муниципальными) органами, казенными учреждениями, органами управления государственными внебюджетными фондами | B24: 0103 | C24: 00204 00021 | D24: 100 | E24: =E25 -> 3583.9 | F24: =F25 -> 3724 | G24: =G25 -> 3869.3
A25: Расходы на выплаты персоналу государственных (муниципальных) органов | B25: 0103 | C25: 00204 00021 | D25: 120 | E25: =E26+E27 -> 3583.9 | F25: =F26+F27 -> 3724 | G25: =G26+G27 -> 3869.3
A26: Фонд оплаты труда государственных (муниципальных) органов | B26: 0103 | C26: 00204 00021 | D26: 121 | E26: =[2]БР_МС_01092025!F34 -> 2752.6 | F26: =[2]БР_МС_01092025!G35 -> 2860.2 | G26: =[2]БР_МС_01092025!H35 -> 2971.8
A27: Взносы по обязательному социальному страхованию на выплаты денежного содержания и иные выплаты работникам государственных (муниципальных) органов | B27: 0103 | C27: 00204 00021 | D27: 129 | E27: =[2]БР_МС_01092025!F39 -> 831.3 | F27: =[2]БР_МС_01092025!G40 -> 863.8 | G27: =[2]БР_МС_01092025!H40 -> 897.5
A28: Закупка товаров, работ и услуг для обеспечения государственных (муниципальных) нужд | B28: 0103 | C28: 00204 00021 | D28: 200 | E28: =E29 -> 3010.4 | F28: =F29 -> 3239.9 | G28: =G29 -> 3366.7
A29: Иные закупки товаров, работ и услуг для обеспечения государственных (муниципальных) нужд | B29: 0103 | C29: 00204 00021 | D29: 240 | E29: =E30+E31 -> 3010.4 | F29: =F30+F31 -> 3239.9 | G29: =G30+G31 -> 3366.7
A30: Прочая закупка товаров, работ и услуг | B30: 0103 | C30: 00204 00021 | D30: 244 | E30: =[2]БР_МС_01092025!F44 -> 2849.5 | F30: 3109.9 | G30: =[2]БР_МС_01092025!H44 -> 3231.7
A31: Закупка энергетических ресурсов | B31: 0103 | C31: 00204 00021 | D31: 247 | E31: =[2]БР_МС_01092025!F59 -> 160.9 | F31: =[2]БР_МС_01092025!G59 -> 130 | G31: =[2]БР_МС_01092025!H59 -> 135
A32: Иные бюджетные ассигнования | B32: 0103 | C32: 00204 00021 | D32: 800 | E32: =E33 -> 9.1 | F32: =F33 -> 9.1 | G32: =G33 -> 9.1
A33: Уплата налогов, сборов и иных платежей | B33: 0103 | C33: 00204 00021 | D33: 850 | E33: =E34+E35+E36 -> 9.1 | F33: =F34+F35+F36 -> 9.1 | G33: =G34+G35+G36 -> 9.1
A34: Уплата налога на имущество организаций и земельного налога | B34: 0103 | C34: 00204 00021 | D34: 851 | E34: =[2]БР_МС_01092025!F63 -> 0 | F34: =[2]БР_МС_01092025!G63 -> 0 | G34: =[2]БР_МС_01092025!H63 -> 0
A35: Уплата прочих налогов, сборов | B35: 0103 | C35: 00204 00021 | D35: 852 | E35: =[2]БР_МС_01092025!F66 -> 8.1 | F35: =[2]БР_МС_01092025!G67 -> 8.1 | G35: =[2]БР_МС_01092025!H67 -> 8.1
A36: Уплата иных платежей | B36: 0103 | C36: 00204 00021 | D36: 853 | E36: =[2]БР_МС_01092025!F69 -> 1 | F36: =[2]БР_МС_01092025!G69 -> 1 | G36: =[2]БР_МС_01092025!H69 -> 1
A37: ДРУГИЕ ОБЩЕГОСУДАРСТВЕННЫЕ ВОПРОСЫ | B37: 0113 | E37: =E38+E42 -> 181 | F37: =F38 -> 144 | G37: =G38 -> 144
A38: Уплата членских взносов на осуществление деятельности Совета муниципальных образований Санкт-Петербурга и содержание его органов | B38: 0113 | C38: 09205 00441 | E38: =E39 -> 144 | F38: =F39 -> 144 | G38: =G39 -> 144
A39: Иные бюджетные ассигнования | B39: 0113 | C39: 09205 00441 | D39: 800 | E39: =E40 -> 144 | F39: =F40 -> 144 | G39: =G40 -> 144
A40: Уплата прочих налогов, сборов и иных платежей | B40: 0113 | C40: 09205 00441 | D40: 850 | E40: =E41 -> 144 | F40: =F41 -> 144 | G40: =G41 -> 144
A41: Уплата иных платежей | B41: 0113 | C41: 09205 00441 | D41: 853 | E41: =[2]БР_МС_01092025!F79 -> 144 | F41: =[2]БР_МС_01092025!G77 -> 144 | G41: =[2]БР_МС_01092025!H77 -> 144
A42: Уплата добровольного целевого взноса членов Совета муниципальных образований Санкт-Петербурга на организацию празднования 20-летия Совета муниципальных образований Санкт-Петербура | B42: 0113 | C42: 09208 00442 | E42: =E43 -> 37 | F42: =F43 -> 0 | G42: =G43 -> 0
A43: Иные бюджетные ассигнования | B43: 0113 | C43: 09208 00442 | D43: 800 | E43: =E44 -> 37 | F43: =F44 -> 0 | G43: =G44 -> 0
A44: Уплата прочих налогов, сборов и иных платежей | B44: 0113 | C44: 09208 00442 | D44: 850 | E44: =E45 -> 37 | F44: =F45 -> 0 | G44: =G45 -> 0
A45: Уплата иных платежей | B45: 0113 | C45: 09208 00442 | D45: 853 | E45: =[2]БР_МС_01092025!F83 -> 37 | F45: =[2]БР_МС_01092025!G83 -> 0 | G45: =[2]БР_МС_01092025!H83 -> 0
A46: Местная администрация внутригородского муниципального образования города федерального значения Санкт-Петербурга муниципальный округ Автово (код главного распорядителя бюджетных средств 928) | E46: =E47+E92+E98+E109+E137+E173+E186+E206+E226 -> 127954.8 | F46: =F47+F92+F98+F109+F137+F173+F186+F206+F226 -> 111896.6 | G46: =G47+G92+G98+G109+G137+G173+G186+G206+G226 -> 112921.4
A47: ОБЩЕГОСУДАРСТВЕННЫЕ ВОПРОСЫ | B47: 0100 | E47: =E48+E74+E78 -> 24324.4 | F47: =F48+F74+F78 -> 24921 | G47: =G48+G74+G78 -> 26080.8
A48: Функционирование Правительства Российской Федерации, высших исполнительных органов субъектов Российской Федерации, местных администраций | B48: 0104 | E48: =E49+E62+E66 -> 23894.8 | F48: =F49+F62+F66 -> 24486 | G48: =G49+G62+G66 -> 25640.4
A49: Содержание и обеспечение деятельности местной администрации (исполнительно-распорядительного органа) муниципального образования | B49: 0104 | C49: 00203 00032 | E49: =E50+E54+E57 -> 18809.3 | F49: =F50+F54+F57 -> 19200.9 | G49: =G50+G54+G57 -> 20149.6
A50: Расходы на выплаты персоналу в целях обеспечения выполнения функций государственными (муниципальными) органами, казенными учреждениями, органами управления государственными внебюджетными фондами | B50: 0104 | C50: 00203 00032 | D50: 100 | E50: =E51 -> 17043.1 | F50: =F51 -> 17709.4 | G50: =G51 -> 18400.2
A51: Расходы на выплаты персоналу государственных (муниципальных) органов | B51: 0104 | C51: 00203 00032 | D51: 120 | E51: =E52+E53 -> 17043.1 | F51: =F52+F53 -> 17709.4 | G51: =G52+G53 -> 18400.2
A52: Фонд оплаты труда государственных (муниципальных) органов | B52: 0104 | C52: 00203 00032 | D52: 121 | E52: ='[2]БР _МА03102025'!F18 -> 12755.9 | F52: ='[2]БР _МА03102025'!G16 -> 13254.6 | G52: ='[2]БР _МА03102025'!H17 -> 13771.6
A53: Взносы по обязательному социальному страхованию на выплаты денежного содержания и иные выплаты работникам государственных (муниципальных) органов | B53: 0104 | C53: 00203 00032 | D53: 129 | E53: ='[2]БР _МА03102025'!F23 -> 4287.2 | F53: ='[2]БР _МА03102025'!G22 -> 4454.8 | G53: ='[2]БР _МА03102025'!H22 -> 4628.6
A54: Закупка товаров, работ и услуг для обеспечения государственных (муниципальных) нужд | B54: 0104 | C54: 00203 00032 | D54: 200 | E54: =E55 -> 1751.2 | F54: =F55 -> 1488.5 | G54: =G55 -> 1746.4
A55: Иные закупки товаров, работ и услуг для обеспечения государственных (муниципальных) нужд | B55: 0104 | C55: 00203 00032 | D55: 240 | E55: =E56 -> 1751.2 | F55: =F56 -> 1488.5 | G55: =G56 -> 1746.4
A56: Прочая закупка товаров, работ и услуг | B56: 0104 | C56: 00203 00032 | D56: 244 | E56: 1751.2 | F56: 1488.5 | G56: 1746.4
A57: Иные бюджетные ассигнования | B57: 0104 | C57: 00203 00032 | D57: 800 | E57: =E58 -> 15 | F57: =F58 -> 3 | G57: =G58 -> 3
A58: Уплата налогов, сборов и иных платежей | B58: 0104 | C58: 00203 00032 | D58: 850 | E58: =E59+E60+E61 -> 15 | F58: =F59+F60+F61 -> 3 | G58: =G59+G60+G61 -> 3
A59: Уплата налога на имущество организаций и земельного налога | B59: 0104 | C59: 00203 00032 | D59: 851 | E59: ='[2]БР _МА03102025'!F44 -> 0 | F59: 0 | G59: 0
A60: Уплата прочих налогов, сборов | B60: 0104 | C60: 00203 00032 | D60: 852 | E60: ='[2]БР _МА03102025'!F45 -> 0 | F60: 0 | G60: 0
A61: Уплата иных платежей | B61: 0104 | C61: 00203 00032 | D61: 853 | E61: ='[2]БР _МА03102025'!F41 -> 15 | F61: 3 | G61: 3
A62: Расходы на исполнение государственного полномочия по организации осуществлению деятельности по опеке и попечительству за счет средств местного бюджета | B62: 0104 | C62: 00200 N0850 | D62: 100 | E62: =E63 -> 1518 | F62: =F63 -> 1577.3 | G62: =G63 -> 1638.8
A63: Расходы на выплаты персоналу государственных (муниципальных) органов | B63: 0104 | C63: 00200 N0850 | D63: 120 | E63: =E64+E65 -> 1518 | F63: =F64+F65 -> 1577.3 | G63: =G64+G65 -> 1638.8
A64: Фонд оплаты труда государственных (муниципальных) органов | B64: 0104 | C64: 00200 N0850 | D64: 121 | E64: ='[2]БР _МА03102025'!F53 -> 1165.9 | F64: ='[2]БР _МА03102025'!G53 -> 1211.4 | G64: ='[2]БР _МА03102025'!H53 -> 1258.7
A65: Взносы по обязательному социальному страхованию на выплаты денежного содержания и иные выплаты работникам государственных (муниципальных) органов | B65: 0104 | C65: 00200 N0850 | D65: 129 | E65: ='[2]БР _МА03102025'!F56 -> 352.1 | F65: ='[2]БР _МА03102025'!G57 -> 365.9 | G65: ='[2]БР _МА03102025'!H57 -> 380.1
A66: Расходы на исполнение государственного полномочия по организации осуществлению деятельности по опеке и попечительству за счет субвенций из бюджета Санкт-Петербурга | B66: 0104 | C66: 00200 G0850 | E66: =E67+E71 -> 3567.5 | F66: =F67+F71 -> 3707.8 | G66: =G67+G71 -> 3852
A67: Расходы на выплаты персоналу в целях обеспечения выполнения функций государственными (муниципальными) органами, казенными учреждениями, органами управления государственными внебюджетными фондами | B67: 0104 | C67: 00200 G0850 | D67: 100 | E67: =E68 -> 3393.1 | F67: =F68 -> 3525.8 | G67: =G68 -> 3663.3
A68: Расходы на выплаты персоналу государственных (муниципальных) органов | B68: 0104 | C68: 00200 G0850 | D68: 120 | E68: =E69+E70 -> 3393.1 | F68: =F69+F70 -> 3525.8 | G68: =G69+G70 -> 3663.3
A69: Фонд оплаты труда государственных (муниципальных) органов | B69: 0104 | C69: 00200 G0850 | D69: 121 | E69: ='[2]БР _МА03102025'!F63 -> 2606.1 | F69: ='[2]БР _МА03102025'!G63 -> 2708 | G69: ='[2]БР _МА03102025'!H64 -> 2813.6
A70: Взносы по обязательному социальному страхованию на выплаты денежного содержания и иные выплаты работникам государственных (муниципальных) органов | B70: 0104 | C70: 00200 G0850 | D70: 129 | E70: ='[2]БР _МА03102025'!F68 -> 787 | F70: ='[2]БР _МА03102025'!G68 -> 817.8 | G70: ='[2]БР _МА03102025'!H68 -> 849.7
A71: Закупка товаров, работ и услуг для обеспечения государственных (муниципальных) нужд | B71: 0104 | C71: 00200 G0850 | D71: 200 | E71: =E72 -> 174.4 | F71: =F72 -> 182 | G71: =G72 -> 188.7
A72: Иные закупки товаров, работ и услуг для обеспечения государственных (муниципальных) нужд | B72: 0104 | C72: 00200 G0850 | D72: 240 | E72: =E73 -> 174.4 | F72: =F73 -> 182 | G72: =G73 -> 188.7
A73: Прочая закупка товаров, работ и услуг | B73: 0104 | C73: 00200 G0850 | D73: 244 | E73: ='[2]БР _МА03102025'!F71 -> 174.4 | F73: 182 | G73: 188.7
A74: РЕЗЕРВНЫЕ ФОНДЫ | B74: 0111 | E74: =E75 -> 30 | F74: =F75 -> 30 | G74: =G75 -> 30
A75: Резервный фонд местной администрации | B75: 0111 | C75: 07001 00061 | E75: =E76 -> 30 | F75: =F76 -> 30 | G75: =G76 -> 30
A76: Иные бюджетные ассигнования | B76: 0111 | C76: 07001 00061 | D76: 800 | E76: =E77 -> 30 | F76: =F77 -> 30 | G76: =G77 -> 30
A77: Резервные средства | B77: 0111 | C77: 07001 00061 | D77: 870 | E77: 30 | F77: 30 | G77: 30
A78: ДРУГИЕ ОБЩЕГОСУДАРСТВЕННЫЕ ВОПРОСЫ | B78: 0113 | E78: =E80+E84+E88 -> 399.6 | F78: =F80+F84+F88 -> 405 | G78: =G80+G84+G88 -> 410.4
A79: Исполнение судебных решений | B79: 0113 | E79: =E80 -> 200 | F79: =F80 -> 200 | G79: =G80 -> 200
A80: Исполнение судебных актов РФ и мировых соглашений по возмещению вреда, причиненного гражданину или юридическому лицу в результате незаконных действий (бездействия) органов местного самоуправления либо должностных лиц этих органов, а также деятельности государственных (муниципальных) учреждений | B80: 0113 | C80: 09200 00281 | E80: =E81 -> 200 | F80: =F81 -> 200 | G80: =G81 -> 200
A81: Иные бюджетные ассигнования | B81: 0113 | C81: 09200 00281 | D81: 800 | E81: =E82 -> 200 | F81: =F82 -> 200 | G81: =G82 -> 200
A82: Исполнение судебных актов | B82: 0113 | C82: 09200 00281 | D82: 830 | E82: =E83 -> 200 | F82: =F83 -> 200 | G82: =G83 -> 200
A83: Исполнение судебных актов Российской Федерации и мировых соглашений по возмещению причиненного вреда | B83: 0113 | C83: 09200 00281 | D83: 831 | E83: =1300-1000-100 -> 200 | F83: =300-100 -> 200 | G83: =300-100 -> 200
A84: Осуществление защиты прав потребителей | B84: 0113 | C84: 09207 00743 | E84: =E85 -> 190 | F84: =F85 -> 195 | G84: =G85 -> 200
A85: Закупка товаров, работ и услуг для обеспечения государственных (муниципальных) нужд | B85: 0113 | C85: 09207 00743 | D85: 200 | E85: =E86 -> 190 | F85: =F86 -> 195 | G85: =G86 -> 200
A86: Иные закупки товаров, работ и услуг для обеспечения государственных (муниципальных) нужд | B86: 0113 | C86: 09207 00743 | D86: 240 | E86: =E87 -> 190 | F86: =F87 -> 195 | G86: =G87 -> 200
A87: Прочая закупка товаров, работ и услуг | B87: 0113 | C87: 09207 00743 | D87: 244 | E87: 190 | F87: 195 | G87: 200
A88: Расходы на исполнение государственного полномочия по составлению протоколов об административных правонарушениях за счет субвенций из бюджета Санкт-Петербурга | B88: 0113 | C88: 09200 G0100 | E88: =E89 -> 9.6 | F88: =F89 -> 10 | G88: =G89 -> 10.4
A89: Закупка товаров, работ и услуг для обеспечения государственных (муниципальных) нужд | B89: 0113 | C89: 09200 G0100 | D89: 200 | E89: =E90 -> 9.6 | F89: =F90 -> 10 | G89: =G90 -> 10.4
A90: Иные закупки товаров, работ и услуг для обеспечения государственных (муниципальных) нужд | B90: 0113 | C90: 09200 G0100 | D90: 240 | E90: =E91 -> 9.6 | F90: =F91 -> 10 | G90: =G91 -> 10.4
A91: Прочая закупка товаров, работ и услуг | B91: 0113 | C91: 09200 G0100 | D91: 244 | E91: ='[2]БР _МА03102025'!F104 -> 9.6 | F91: ='[2]БР _МА03102025'!G104 -> 10 | G91: ='[2]БР _МА03102025'!H104 -> 10.4
A92: НАЦИОНАЛЬНАЯ БЕЗОПАСНОСТЬ И ПРАВООХРАНИТЕЛЬНАЯ ДЕЯТЕЛЬНОСТЬ | B92: 0300 | E92: =E93 -> 90 | F92: =F93 -> 143 | G92: =G93 -> 150
A93: Защита населения и территории от чрезвычайных ситуаций природного и техногенного характера, гражданская оборона | B93: 0310 | E93: =E94 -> 90 | F93: =F94 -> 143 | G93: =G94 -> 150
A94: Проведение подготовки и обучения неработающего населения способам защиты и действиям в чрезвычайных ситуациях, а также способам защиты от опасностей, возникающих при ведении военных действий или вследствие этих действий | B94: 0310 | C94: 21903 00091 | E94: =E95 -> 90 | F94: =F95 -> 143 | G94: =G95 -> 150
A95: Закупка товаров, работ и услуг для обеспечения государственных (муниципальных) нужд | B95: 0310 | C95: 21903 00091 | D95: 200 | E95: =E96 -> 90 | F95: =F96 -> 143 | G95: =G96 -> 150
A96: Иные закупки товаров, работ и услуг для обеспечения государственных (муниципальных) нужд | B96: 0310 | C96: 21903 00091 | D96: 240 | E96: =E97 -> 90 | F96: =F97 -> 143 | G96: =G97 -> 150
A97: Прочая закупка товаров, работ и услуг | B97: 0310 | C97: 21903 00091 | D97: 244 | E97: 90 | F97: 143 | G97: 150
A98: НАЦИОНАЛЬНАЯ ЭКОНОМИКА | B98: 0400 | E98: =E99 -> 1180.4 | F98: =F99 -> 1128 | G98: =G99 -> 1171.9
A99: Общеэкономические вопросы | B99: 0401 | E99: =E101 -> 1180.4 | F99: =F101 -> 1128 | G99: =G101 -> 1171.9
A100: Выполнение функций муниципальным казенным учреждением "Автовский Центр благоустройства и социального развития" | B100: 0401 | E100: =E101 -> 1180.4 | F100: =F101 -> 1128 | G100: =G101 -> 1171.9
A101: Организация и финансирование временного трудоустройства несовершеннолетних в возрасте от 14 до 18 лет в свободное от учебы время | B101: 0401 | C101: 51002 00101 | E101: =E102+E106 -> 1180.4 | F101: =F102+F106 -> 1128 | G101: =G102+G106 -> 1171.9
A102: Расходы на выплаты персоналу в целях обеспечения выполнения функций государственными (муниципальными) органами, казенными учреждениями, органами управления государственными внебюджетными фондами | B102: 0401 | C102: 51002 00101 | D102: 100 | E102: =E103 -> 998 | F102: =F103 -> 943.5 | G102: =G103 -> 980.2
A103: Расходы на выплаты персоналу казенных учреждений | B103: 0401 | C103: 51002 00101 | D103: 110 | E103: =E104+E105 -> 998 | F103: =F104+F105 -> 943.5 | G103: =G104+G105 -> 980.2
...
